 Dungeon Crawl Stone Soup version 0.23-a0-171-g5ae17c6e89 (webtiles) character file.

15 Rrauwl the Skirmisher (level 2, 26/27 HPs)
             Began as a Draconian Abyssal Knight on Sept 13, 2018.
             Was a Follower of Lugonu.
             Got out of the dungeon alive.
             The game lasted 00:02:24 (717 turns).

Rrauwl the Skirmisher (Draconian Abyssal Knight)     Turns: 717, Time: 00:02:25

Health: 26/27      AC:  4    Str: 14    XL:     2   Next: 34%
Magic:  3/3        EV: 12    Int: 12    God:    Lugonu [*.....]
Gold:   39         SH:  0    Dex: 10    Spells: 1/1 levels left

rFire    . . .     SeeInvis .   a - +1 spear
rCold    . . .     Gourm    .   (no shield)
rNeg     . . .     Faith    .   (armour unavailable)
rPois    .         Spirit   .   (helmet restricted)
rElec    .         Reflect  .   (no cloak)
rCorr    .         Harm     .   (no gloves)
MR       .....                  (no boots)
Stlth    +.........             (no amulet)
HPRegen  0.09/turn              (no ring)
MPRegen  0.08/turn              (no ring)

@: no status effects
A: unfitting armour, cold-blooded, AC +4
a: Depart the Abyss, Renounce Religion


You escaped.
You worshipped Lugonu.
Lugonu was aware of your devotion.
You were not hungry.

You visited 1 branch of the dungeon, and saw 1 of its levels.
You visited the Abyss 1 time.

You collected 39 gold pieces.

Inventory:

Hand Weapons
 a - a +1 spear (weapon)
Potions
 d - a potion of curing
Comestibles
 b - 2 rations


   Skills:
 + Level 3.8 Fighting
 + Level 2.3 Polearms
 + Level 2.3 Dodging
 + Level 2.0 Invocations


You had one spell level left.
You didn't know any spells.
Your spell library was empty.

Dungeon Overview and Level Annotations

Branches:
Dungeon (1/15)

Altars:


Innate Abilities, Weirdness & Mutations

Your plain brown scales are hard. (AC +4)
You cannot fit into any form of body armour.
You are cold-blooded and may be slowed by cold attacks.


Message History

Lugonu accepts your kill.
You hit the rat but do no damage. The rat bites you.
You barely miss the rat. The rat barely misses you.
You hit the rat.
The rat is moderately wounded.
The rat barely misses you.
You closely miss the rat.
Your tail-slap misses the rat.
The rat is moderately wounded.
The rat bites you.
You hit the rat.
You kill the rat!
Lugonu accepts your kill.
No target in view!
No target in view!
(D) Dungeon
Where to? (? - help)
What level of the Dungeon? (default 1, ? - help)
There is a staircase leading out of the dungeon here.
Are you sure you want to leave the Dungeon?
This will make you lose the game!
You have escaped!

....#...# #.#P...P# #.#*******
#.###...####.##...## #.#,,,,,,*
....'.)......#P...P# #.#,****,*
#.###........##...## #.#,* *,*
#.# #........#P...P# #.#,* *,*
#.# ###......##...## #.#,* *,*
#.# ##########P...P# #.#,* *,*
#.# #....# ##...## #.#,* *,*
#.###....# #.@.# #.#,* *,*
..#......# ###########.#,* *,*
..##.....# #...........#.# *,*
..##.##'## #.............# *,*
..##.##.####################***,*
#.##.##.............,,,,,,,,,,,,*
#.##.###..........##*************
#.##.#.....######.# #.##.#.#.#.#
*,*


There were no monsters in sight!

Vanquished Creatures
  A leopard gecko (D:1)
  A giant cockroach (D:1)
  4 goblins (D:1)
  2 ball pythons (D:1)
  A frilled lizard (D:1)
  3 kobolds (D:1)
  2 rats (D:1)
14 creatures vanquished.

Vanquished Creatures (others)
  4 tentacles (Abyss:1)
4 creatures vanquished.

Grand Total: 18 creatures vanquished

Notes
Turn   | Place    | Note
-------+----------+-------------------------------------------
     0 | Abyss:1  | Rrauwl the Draconian Abyssal Knight began the quest for the
                  | Orb.
     0 | Abyss:1  | Reached XP level 1. HP: 19/19 MP: 2/2
    13 | Abyss:1  | Noticed a kraken
    41 | Abyss:1  | Found a corrupted altar of Lugonu.
   116 | Abyss:2  | Noticed a daeva
   157 | D:1      | Escaped the Abyss
   419 | D:1      | Reached * piety under Lugonu
   580 | D:1      | Reached XP level 2. HP: 27/27 MP: 3/3
   717 | D:$      | Got out of the dungeon alive.

Vault maps used:
D:1:      minmay_arrival_plants_in_alcoves
Abyss:1:  hangedman_eye_storm, minivault_20
Abyss:2:  hangedman_abyss_or_decor_passed, hangedman_abyss_town

Action                   || total
-------------------------++-------
Melee: Spear             ||    43
       Tailslap          ||     1
Invok: Depart the Abyss  ||     1
  Use: Scroll            ||     3
       Potion            ||     1
Armor: Skin              ||     7
Dodge: Dodged            ||    21

Table legend:
 A = Non-vault XP
 B = Vault XP
 C = Vault XP percentage of total XP
 D = Non-vault monster count
 E = Vault monster count
 F = Vault count percentage of total count
                 A         B        C        D         E       F
            +---------+---------+-------+---------+---------+-------
      Total |      22 |       0 |   0.0 |      14 |       0 |   0.0
            +---------+---------+-------+---------+---------+-------
        D:1 |      22 |       0 |   0.0 |      14 |       0 |   0.0
            +---------+---------+-------+---------+---------+-------
